 Dungeon Crawl Stone Soup version 0.26-a0-394-g0b5ff556b1 (webtiles) character file.

Game seed: 2763907940266820664

173 Misa the Covered (level 5, -7/33 HPs)
             Began as a Gargoyle Fighter on July 23, 2020.
             Mangled by a gnoll
             ... wielding a +0 halberd
              (8 damage)
             ... on level 3 of the Dungeon.
             The game lasted 00:03:05 (2630 turns).

Misa the Covered (Gargoyle Fighter)                 Turns: 2630, Time: 00:03:06

Health: -7/33      AC: 11    Str: 21    XL:     5   Next: 53%
Magic:  5/5        EV:  7    Int:  8    God:
Gold:   111        SH:  9    Dex:  9    Spells: 4/4 levels left

rFire    . . .     SeeInvis .   a - +0 flail
rCold    . . .     Faith    .   c - +0 kite shield
rNeg     + . .     Spirit   .   b - +0 scale mail
rPois    ∞         Reflect  .   (no helmet)
rElec    +         Harm     .   (no cloak)
rCorr    .                      (no gloves)
MR       +....                  (no boots)
Stlth    ..........             (no amulet)
HPRegen  0.11/turn              p - ring of protection from magic
MPRegen  0.09/turn              (no ring)

@: no status effects
A: negative energy resistance 1, electricity resistance, unbreathing,
petrification resistance, rot immunity, AC +4
a: no special abilities


You were on level 3 of the Dungeon.
You visited 1 branch of the dungeon, and saw 3 of its levels.

You collected 111 gold pieces.

Inventory:

Hand Weapons
 a - a +0 flail (weapon)
Armour
 b - a +0 scale mail (worn)
 c - a +0 kite shield (worn)
Jewellery
 p - a ring of protection from magic (left hand)
Scrolls
 e - 2 scrolls of fear {unknown}
 f - a scroll of blinking {unknown}
 h - 5 scrolls of identify {unknown}
 i - a scroll of magic mapping {unknown}
 j - a scroll of remove curse {unknown}
 k - a scroll of teleportation {unknown}
 o - a scroll of fog {unknown}
Potions
 d - a potion of might
 g - a potion of degeneration {unknown}
 l - 4 potions of curing {unknown}
 m - 2 potions of heal wounds {unknown}
 n - a potion of lignification {unknown}


   Skills:
 + Level 4.3 Fighting
 + Level 3.2 Maces & Flails
 + Level 4.3 Armour
 + Level 4.3 Shields


You had 4 spell levels left.
You didn't know any spells.
Your spell library was empty.

Dungeon Overview and Level Annotations

Branches:
Dungeon (3/15)

Altars:


Innate Abilities, Weirdness & Mutations

You are resistant to torment.
Your stone body is resilient. (AC +4)
You are immune to poison.
You resist negative energy. (rN+)
You are resistant to electric shocks. (rElec)
You can survive without breathing.
You are immune to petrification.
You are immune to rotting.


Message History

Things that are here:
a +0 halberd; a gnoll corpse; a rat skeleton Your shield and scale mail prevent you from hitting the gnoll.
The gnoll hits you with a +0 halberd!
* * * LOW HITPOINT WARNING * * *
Things that are here:
a +0 halberd; a gnoll corpse; a rat skeleton You closely miss the gnoll.
The gnoll hits you with a +0 halberd!
* * * LOW HITPOINT WARNING * * *
Things that are here:
a +0 halberd; a gnoll corpse; a rat skeleton You sock the gnoll!
The gnoll is severely wounded.
The gnoll barely misses you.
Things that are here:
a +0 halberd; a gnoll corpse; a rat skeleton Your scale mail prevents you from hitting the gnoll.
The gnoll is severely wounded.
The gnoll hits you with a +0 halberd!
You die...

#. #. ############ #.
#..........# #.
#.########.# #. #.#
#.# #. #.# ##.## #.
#.#######)..## ##.
#..<@g.......######..
#.)####[.)...........
#..## ##.....######.#
#...## ##...## #.#
#....## ##.## #.#
#.....####.# ##.#
#..........# #####...
#.....###### ...>..#>
##...## #####...


You could see a gnoll.

Vanquished Creatures
  An orc wizard (D:2)
  Terence (D:2)
  2 gnolls (D:3)
  3 adders (D:2)
  An ooze (D:2)
  An adder zombie (D:3)
  2 worms
  A dart slug (D:3)
  2 leopard geckos (D:1)
  4 orcs
  2 giant cockroaches
  4 goblins
  3 hobgoblins
  5 jackals
  7 kobolds
  2 quokkas (D:2)
  4 bats
  2 frilled lizards
  11 rats
58 creatures vanquished.

Notes
Turn   | Place    | Note
-------+----------+-------------------------------------------
     0 | D:1      | Misa the Gargoyle Fighter began the quest for the Orb.
     0 | D:1      | Reached XP level 1. HP: 14/14 MP: 1/1
   120 | D:1      | Reached XP level 2. HP: 12/19 MP: 2/2
   937 | D:2      | Reached XP level 3. HP: 22/23 MP: 3/3
  1103 | D:2      | Noticed Terence
  1119 | D:2      | Killed Terence
  1119 | D:2      | Reached XP level 4. HP: 29/29 MP: 4/4
  1924 | D:2      | Reached XP level 5. HP: 5/33 MP: 5/5
  2628 | D:3      | HP: 1/33 [gnoll/+0 halberd (8)]
  2630 | D:3      | Mangled by a gnoll

Illustrated notes

Levels and vault maps discovered:
D:1:      dpeg_arrival_shrine, layout_basic, serial_glass, glass_columns_a,
          glass_columns_c, minmay_strange_pillars, item_on_display_a,
          item_on_display_a, minmay_tetromino_l4
D:2:      layout_basic, minmay_misc_feat_iff, uniq_terence
D:3:      layout_loops_ring

Skill      XL: |  1  2  3  4 |
---------------+-------------+-----
Armour         | 4 |  4.3
Shields        | 4 |  4.3
Fighting       | 4 |  4.3
Maces & Flails | 3 |  3.2

Action                   |  1- 3 |  4- 6 || total
-------------------------+-------+-------++-------
Melee: Flail             |   118 |   160 ||   278
Armor: Scale mail        |   100 |   136 ||   236
Dodge: Dodged            |    67 |    83 ||   150
Block: Kite shield       |    86 |   120 ||   206

Table legend: (Time is in decaauts)
 A = Elapsed time spent in this place.
 B = Non-inter-level travel time spent in this place.
 C = Inter-level travel time spent in this place.
 D = Time resting spent in this place.
 E = Time spent auto-exploring this place.
 F = Levels seen in this place.
 G = Mean time per level.
                   A        B        C        D        E       F      G
               +--------+--------+--------+--------+--------+-----+--------+
         Total |   2725 |   2696 |     29 |    682 |   1368 |   3 |  908.3 |
       Dungeon |   2725 |   2696 |     29 |    682 |   1368 |   3 |  908.3 |
               +--------+--------+--------+--------+--------+-----+--------+

Top non-repeatable levels by time:
     D:2: 1539 daAuts
     D:1: 944 daAuts
     D:3: 242 daAuts
